cohdb
Replays
Latest Replays
All Replays
Popular Replays
Top Player Replays
Match Explorer
How It Works
Community
CoH3 Stats
Reddit
Sign in to upload your games and track your stats! →
Sign in with Steam
Match 43932605
Unlisted
Match 43932605
Overview
Messages
Build Orders
End
Construct Barracks
Selects Special Operations Battlegroup
Selects M29 Weasel Recon Vehicle
M29 Weasel Recon Vehicle
Riflemen Squad
Riflemen Squad
Riflemen Squad
Infantry Support Center
Riflemen Squad
Construct Motor Pool
Selects Raiding Flares
M8 Greyhound Armored Car
Construct Medical Station
Selects SSF Commando Squad
M24 Chaffee Light Tank
Engineer Squad
M1918 Browning Automatic Rifles
Raiding Flares
Grenade Package
Munitions Surplus
Clara
Gwangju's Hero Chun Doo-gwang
0
0
Comments
sign in to comment!
No comments posted yet!